 Dungeon Crawl Stone Soup version 0.28-b1-25-g9875b3fc8c (webtiles) character file.

Game seed: 16070453987941764256

96172 Jazqba the Bludgeoner (level 15, -14/143 HPs)
             Began as a Yellow Draconian Berserker on Feb 7, 2022.
             Was a High Priest of Trog.
             Killed from afar by a frost giant (57 damage)
             ... with a bolt of cold
             ... on level 11 of the Dungeon.
             The game lasted 00:42:37 (37075 turns).

Jazqba the Bludgeoner (Yellow Draconian Berserker) Turns: 37075, Time: 00:42:38

Health: -14/143    AC: 15    Str: 27    XL:     15   Next: 68%
Magic:  15/15      EV: 20    Int:  7    God:    Trog [*****.]
Gold:   1490       SH: 12    Dex: 17    Spells: 14/14 levels left

rFire   . . .      SeeInvis +   O - +1 eveningstar (elec)
rCold   . . .      Faith    .   B - +0 buckler
rNeg    . . .      Spirit   .   (armour unavailable)
rPois   .          Reflect  +   M - +1 hat
rElec   .          Harm     .   E - +1 cloak
rCorr   +          Rampage  .   d - +2 pair of gloves
Will    +....                   (no boots)
Stlth   ++........              g - amulet of reflection
HPRegen 0.33/turn               G - +6 ring of strength
MPRegen 0.14/turn               y - ring of see invisible

@: about to teleport, on berserk cooldown, hasted and slowed
A: spit acid, AC +9, unfitting armour, acidic bite, cold-blooded, acid
resistance
a: Breathe Acid, Renounce Religion, Berserk, Trog's Hand, Brothers in Arms


You were on level 11 of the Dungeon.
You worshipped Trog.
Trog was extremely pleased with you.
You visited 3 branches of the dungeon, and saw 19 of its levels.
You also visited: Sewer.

You collected 2436 gold pieces.
You spent 946 gold pieces at shops.

Inventory:

Hand Weapons
 j - a +1 vampiric mace
 O - a +1 eveningstar of electrocution (weapon)
Missiles
 Q - 4 silver boomerangs (quivered)
Armour
 d - a +2 pair of gloves (worn)
 B - a +0 buckler (worn)
 E - a +1 cloak (worn)
 M - a +1 hat (worn)
Jewellery
 e - a ring of positive energy
 g - an amulet of reflection (around neck)
 y - a ring of see invisible (right hand)
 G - a +6 ring of strength (left hand)
 R - a ring of protection from fire
Wands
 h - a wand of flame (49)
 q - a wand of charming (13)
 r - a wand of paralysis (12)
 t - a wand of acid (10)
 z - a wand of mindburst (6)
 D - a wand of polymorph (17)
 H - a wand of digging (13)
Scrolls
 f - a scroll of teleportation
 l - 4 scrolls of immolation
 m - 3 scrolls of fog
 s - 2 scrolls of vulnerability
 u - 2 scrolls of fear
 C - 2 scrolls of identify
Potions
 a - 4 potions of haste
 b - 3 potions of brilliance
 c - 2 potions of magic
 k - 3 potions of might
 n - a potion of invisibility
 o - 3 potions of mutation
 p - 6 potions of heal wounds
 v - 2 potions of flight
 w - 3 potions of attraction
 x - 5 potions of curing
 A - 5 potions of lignification
 F - 4 potions of berserk rage
 I - 2 potions of cancellation
 N - 8 potions of ambrosia
Miscellaneous
 i - a condenser vane


   Skills:
 + Level 15.7 Fighting
 - Level 16.0 Maces & Flails
 + Level 13.3 Dodging
 + Level 12.4 Shields
 + Level 5.5 Evocations


You had 14 spell levels left.
You didn't know any spells.
Your spell library was empty.

Dungeon Overview and Level Annotations

Branches:
Dungeon (11/15)            Temple (0/1) D:6            Lair (6/6) D:8
  Swamp (0/4) Lair:3       Spider (0/4) Lair:2        Slime (0/5) Lair:5
    Orc (2/2) D:9             Elf (0/3) Orc:2         Sewer (visited)

Altars:
Makhleb
Vehumet
Beogh
Jiyva

Shops:
D:1 *   D:4 *   D:5 !   Orc:1 :   Orc:2 ?[([

Annotations:
D:4 3 runed translucent doors, IvanJoukov's ghost, amateur DjFE; robertstho's ghost, amateur DjFE
Lair:4 exclusion: oklob plant
Lair:6 Kirke


Innate Abilities, Weirdness & Mutations

You can spit globs of acid.
Your golden yellow scales are hard. (AC +9)
You cannot fit into any form of body armour.
You have acidic saliva.
You are cold-blooded and may be slowed by cold attacks.
You are resistant to acid. (rCorr)


Message History

You have got your breath back.
The frost giant casts a spell at you. The bolt of cold hits you!!!
* * * LOW HITPOINT WARNING * * *
Unknown command.
Unknown command.
Your ogre goes berserk!
The frost giant casts a spell at you. The bolt of cold hits your ogre!!!
Your ogre dies!
Your ogre's corpse disappears in a puff of smoke!
The bolt of cold misses you.
Unknown command.
Unknown command.
Okay, then.
You feel yourself speed up. You block the frost giant's attack.
Unknown command.
You feel much better. The frost giant casts a spell at you.
The bolt of cold hits you!!
* * * LOW HITPOINT WARNING * * *
You feel much better. The frost giant barely misses you.
Unknown command.
You barely miss the frost giant. You tail-slap the frost giant.
The frost giant is lightly wounded.
You block the frost giant's attack.
Unknown command.
You impale the frost giant!!
The frost giant is moderately wounded.
The frost giant hits you with a +2 battleaxe of freezing!
The frost giant freezes you.
* * * LOW HITPOINT WARNING * * *
Unknown command.
Unknown command.
As you read the scroll of teleportation, it crumbles to dust.
You feel strangely unstable. The frost giant closely misses you.
Unknown command.
The frost giant casts a spell at you. The bolt of cold hits you!!!
You die...

####.###################.##### #.
#.....## #.. #.........# #.
##...#..# #.# # #.######..# #.
##...###.##.# Q## #.#.###.#.# #.
......#..#.##))}## #.##.#.##.# #.
..........#..:::.###. ##.###†# #.
..#......#)##)):##.#.##)#.##.# #.
.###...####.##C##.##.#)###.#.# #.
..#...## ##.###@###.)######.# #.
#.....# ##.C.## #.........# #.
######## ###############.#####...
#..##..###.#.......#....#.#..#..#
. #..# ..#.#.#.###.#...#.#.#.#..
.##..##..#.#.#.....#...#.#..##.#
#..##..###.#.#.#.#.#...#.###.#.#
#..##..##..#...#.#....#.#...##.#
.##†.##..#.#.###.#.#..#..###.#.#


You could see a frost giant.

Vanquished Creatures
  Jorgrun (Orc:1)
  Gastronok (Lair:2)
  2 tengu reavers (D:11)
  An orc warlord (Orc:1)
  The ghost of dragonscale333 the Fighter, a journeyman DjFE of Gozag (Orc:2)
  An ettin (Orc:2)
  Erolcha (D:10)
  An ice dragon (D:11)
  A boulder beetle (D:11)
  9 hydras
  Erica (D:9)
  3 ogre magi (Orc:2)
  8 two-headed ogres
  2 catoblepae (Lair:6)
  7 death yaks
  Urug (D:10)
  Nergalle (Lair:2)
  A lindwurm (Lair:6)
  2 deep trolls (Orc:2)
  Pikel (D:6)
  An ugly thing (D:11)
  5 orc sorcerers
  3 manticores
  2 cyclopes
  Maurice (D:8)
  18 elephants
  7 black mambas
  A gargoyle (D:11)
  Joseph (D:8)
  2 torpor snails
  Psyche (D:10)
  5 rime drakes
  10 komodo dragons
  An unseen horror (D:10)
  6 cane toads
  A kobold demonologist (D:11)
  2 ice devils (Orc:1)
  A queen bee (Lair:2)
  12 polar bears
  Prince Ribbit (Lair:3)
  A hornet (D:9)
  9 trolls
  17 blink frogs
  10 dream sheep
  2 meliai zombies (D:11)
  A wraith (D:11)
  5 wyverns
  51 yaks
  Grum (D:10)
  6 hogs (Lair:6)
  13 basilisks
  2 steam dragons
  7 vampire mosquitoes
  12 wargs
  An acid dragon (D:10)
  15 hell hounds (Lair:6)
  20 water moccasins
  20 orc warriors
  A hornet zombie (D:8)
  2 sky beasts
  14 black bears
  4 necrophages (D:8)
  30 wolves
  7 centaurs
  24 ogres
  2 lemures (D:5)
  2 phantoms (D:4)
  A kobold brigand (Sewer)
  17 bullfrogs
  2 scorpions (D:5)
  A water moccasin skeleton (D:4)
  30 killer bees
  6 wights
  A howler monkey (D:11)
  2 bullfrog zombies (D:5)
  3 electric eels (D:7)
  A crimson imp (D:8)
  9 centaur zombies
  6 hounds
  A bullfrog skeleton (D:5)
  16 orc priests
  A gnoll shaman (D:7)
  8 jellies
  A centaur skeleton (D:7)
  Jessica (D:3)
  Natasha (twice) (D:2)
  An iguana (D:5)
  27 orc wizards
  A scorpion zombie (D:5)
  A killer bee zombie (D:8)
  2 mummies (D:8)
  Robin (D:2)
  2 howler monkey zombies
  9 gnolls
  2 adders (Sewer)
  A howler monkey skeleton (D:6)
  A river rat (Sewer)
  A shadow imp (D:7)
  4 white imps
  An ufetubus (D:5)
  3 worms
  3 dart slugs
  60 orcs
  8 ball pythons
  2 bats
  9 endoplasms
  7 giant cockroaches
  17 goblins
  3 hobgoblins
  6 jackals
  4 quokkas
  3 frilled lizards (D:1)
  10 kobolds
  13 rats
717 creatures vanquished.

Vanquished Creatures (collateral kills)
  A hydra (Lair:6)
  2 two-headed ogres (Orc:2)
  A cyclops (Orc:2)
  A komodo dragon (Lair:6)
  4 trolls (Orc:2)
  A hog (Lair:6)
  An ogre (Orc:2)
  4 centaurs (D:11)
15 creatures vanquished.

Vanquished Creatures (others)
  A water moccasin (Lair:4)
  2 wolves (Lair:4)
  A bullfrog skeleton (D:6)
  A bush (Lair:6)
  52 fungi
  110 plants
  4 withered plants (D:8)
171 creatures vanquished.

Grand Total: 903 creatures vanquished

Notes
Turn   | Place    | Note
-------+----------+-------------------------------------------
     0 | D:1      | Jazqba the Draconian Berserker began the quest for the Orb.
     0 | D:1      | Reached XP level 1. HP: 19/19 MP: 1/1
   307 | D:1      | Reached XP level 2. HP: 20/26 MP: 2/2
   462 | D:1      | Found Nolerugo's General Store.
   601 | D:1      | Found a faded altar of an unknown god.
  1615 | D:2      | Reached XP level 3. HP: 31/31 MP: 3/3
  1659 | D:2      | Noticed Natasha
  1665 | D:2      | Killed Natasha
  1794 | D:2      | Reached skill level 4 in Maces & Flails
  1942 | D:2      | Noticed Natasha
  1957 | D:2      | Killed Natasha
  1958 | D:2      | Reached XP level 4. HP: 40/40 MP: 4/4
  2102 | D:2      | Noticed Robin
  2132 | D:2      | Killed Robin
  2132 | D:2      | Reached ** piety under Trog
  2770 | D:3      | Noticed Jessica
  2776 | D:3      | Killed Jessica
  2777 | D:3      | Reached XP level 5. HP: 46/46 MP: 5/5
  2920 | D:3      | Found a glowing drain.
  2951 | Sewer    | Entered a sewer
  3759 | Sewer    | Reached skill level 5 in Maces & Flails
  3759 | Sewer    | Reached XP level 6. HP: 40/53 MP: 6/6
  4789 | D:4      | Found Hudea's General Store.
  4804 | D:4      | Bought a potion of heal wounds for 55 gold pieces
  5164 | D:4      | Reached skill level 5 in Fighting
  5265 | D:4      | Reached skill level 6 in Maces & Flails
  5362 | D:4      | Your scales start taking on a golden yellow colour.
  5362 | D:4      | Reached XP level 7. HP: 61/61 MP: 7/7
  5362 | D:4      | Gained mutation: You are resistant to acid. (rCorr) [Yellow
                  | Draconian growth]
  5372 | D:4      | Reached *** piety under Trog
  5698 | D:4      | Found a runed translucent gate.
  5698 | D:4      | Found a runed translucent gate.
  5698 | D:4      | Found a runed translucent gate.
  5710 | D:4      | Noticed robertstho's ghost (amateur DjFE)
  5711 | D:4      | Noticed IvanJoukov's ghost (amateur DjFE)
  5753 | D:5      | Entered Level 5 of the Dungeon
  6048 | D:5      | Found Wiyk's Distillery.
  6115 | D:5      | Reached skill level 7 in Maces & Flails
  6614 | D:5      | Reached skill level 5 in Dodging
  6614 | D:5      | Reached XP level 8. HP: 60/70 MP: 8/8
  7158 | D:6      | Noticed Pikel
  7608 | D:6      | Killed Pikel
  7609 | D:6      | Reached skill level 8 in Maces & Flails
  8829 | D:6      | Found the +7 Throatcutter {drain, coup de grace}
  9436 | D:6      | Reached XP level 9. HP: 67/79 MP: 9/9
  9642 | D:6      | Reached skill level 9 in Maces & Flails
  9964 | D:6      | Found a staircase to the Ecumenical Temple.
 10180 | D:7      | Reached skill level 1 in Evocations
 12322 | D:7      | Reached skill level 10 in Maces & Flails
 12845 | D:8      | Reached **** piety under Trog
 12954 | D:8      | Reached XP level 10. HP: 85/89 MP: 10/10
 13565 | D:8      | Found a staircase to the Lair.
 13618 | D:8      | Noticed Maurice
 13628 | D:8      | Killed Maurice
 13761 | D:8      | Reached skill level 1 in Shields
 13808 | D:8      | Found a burning altar of Makhleb.
 13809 | D:8      | Found a radiant altar of Vehumet.
 13984 | D:8      | Noticed Joseph
 13992 | D:8      | Killed Joseph
 13993 | D:8      | Reached skill level 11 in Maces & Flails
 15133 | D:9      | Noticed Erica
 15145 | D:9      | Killed Erica
 15462 | D:9      | Found a staircase to the Orcish Mines.
 15506 | D:9      | Reached XP level 11. HP: 42/97 MP: 11/11
 16313 | D:10     | Entered Level 10 of the Dungeon
 16384 | Lair:1   | Entered Level 1 of the Lair of Beasts
 16414 | Lair:1   | Noticed a six-headed hydra
 16426 | Lair:1   | Killed a six-headed hydra
 16427 | Lair:1   | Reached skill level 12 in Maces & Flails
 16953 | Lair:1   | Reached skill level 10 in Fighting
 17559 | Lair:2   | Reached skill level 5 in Shields
 18194 | Lair:2   | Found a hole to the Spider Nest.
 18263 | Lair:2   | Reached XP level 12. HP: 56/110 MP: 12/12
 18670 | Lair:2   | Noticed Gastronok
 18671 | Lair:2   | Noticed Nergalle
 18941 | Lair:2   | Killed Nergalle
 19431 | Lair:2   | Killed Gastronok
 20797 | Lair:3   | Reached skill level 10 in Dodging
 21022 | Lair:3   | Reached ***** piety under Trog
 21284 | Lair:3   | Noticed Prince Ribbit
 21306 | Lair:3   | Killed Prince Ribbit
 21788 | Lair:3   | Noticed a death yak
 21801 | Lair:3   | Killed a death yak
 21802 | Lair:3   | Reached skill level 13 in Maces & Flails
 22117 | Lair:3   | Found a staircase to the Swamp.
 22918 | Lair:4   | Reached XP level 13. HP: 78/119 MP: 13/13
 23167 | Lair:4   | You fall into a shaft and drop 2 floors!
 23167 | Lair:6   | Entered Level 6 of the Lair of Beasts
 24521 | Lair:6   | Reached skill level 14 in Maces & Flails
 24968 | Lair:6   | Identified the +2 great mace of Distant Worlds {vorpal,
                  | *Slow Will+++ Str+6 Int-4} (Trog gifted it to you on level
                  | 6 of the Lair of Beasts)
 24968 | Lair:6   | Received a gift from Trog
 26443 | Lair:5   | Found a staircase to the Slime Pits.
 26444 | Lair:5   | Found a viscous altar of Jiyva.
 27733 | Lair:6   | Gained mutation: You have acidic saliva. [Yellow Draconian
                  | growth]
 27733 | Lair:6   | Reached XP level 14. HP: 123/129 MP: 14/14
 27736 | Lair:6   | Reached skill level 15 in Maces & Flails
 28258 | Lair:6   | Reached skill level 10 in Shields
 28584 | Lair:6   | Noticed Kirke
 29189 | Lair:6   | Received a gift from Trog
 30781 | Lair:6   | Reached skill level 16 in Maces & Flails
 31198 | D:10     | Noticed Erolcha
 31210 | D:10     | Killed Erolcha
 31224 | D:10     | Noticed Psyche
 31230 | D:10     | Killed Psyche
 31484 | D:10     | Noticed Urug
 31497 | D:10     | Killed Urug
 31810 | D:10     | Noticed Grum
 31830 | D:10     | Killed Grum
 32163 | Orc:1    | Entered Level 1 of the Orcish Mines
 32650 | Orc:1    | Found Satotej's Book Boutique.
 32650 | Orc:1    | Noticed an orc warlord
 32703 | Orc:1    | Killed an orc warlord
 32971 | Orc:2    | Entered Level 2 of the Orcish Mines
 33064 | Orc:2    | Found a staircase to the Elven Halls.
 33121 | Orc:2    | Received a gift from Trog
 33265 | Orc:2    | Found Ydoubreo's Armour Shop.
 33300 | Orc:2    | Reached XP level 15. HP: 84/139 MP: 15/15
 33604 | Orc:2    | Found Ifreh's Armour Boutique.
 33611 | Orc:2    | Found Logib's Magic Scroll Shoppe.
 33625 | Orc:2    | Found Pieret's Weapon Shop.
 33630 | Orc:2    | Bought a scroll of brand weapon for 340 gold pieces
 33678 | Orc:2    | Bought a scroll of teleportation for 51 gold pieces
 33678 | Orc:2    | Bought a scroll of fear for 59 gold pieces
 33678 | Orc:2    | Bought a scroll of fog for 34 gold pieces
 33678 | Orc:2    | Bought a scroll of fear for 59 gold pieces
 33684 | Orc:2    | Reached skill level 15 in Fighting
 33748 | Orc:2    | Found a runed translucent door.
 33748 | Orc:2    | Noticed dragonscale333's ghost (journeyman DjFE)
 33766 | Orc:2    | Received a gift from Trog
 33911 | Orc:2    | Killed dragonscale333's ghost
 33915 | Orc:2    | Identified the +6 scale mail of Melancholy {Drain +Blink
                  | rC+++}
 35224 | Orc:1    | Noticed Jorgrun
 35239 | Orc:1    | Killed Jorgrun
 35824 | D:5      | Bought 2 potions of haste for 240 gold pieces
 35824 | D:5      | Bought a potion of flight for 36 gold pieces
 35824 | D:5      | Bought a potion of curing for 36 gold pieces
 35824 | D:5      | Bought a potion of curing for 36 gold pieces
 36365 | D:11     | Reached skill level 5 in Evocations
 36507 | D:11     | Noticed a tengu reaver
 36536 | D:11     | Killed a tengu reaver
 37031 | D:11     | Noticed a frost giant
 37031 | D:11     | Found the +7 sceptre of Torment {pain, torment}
 37033 | D:11     | Noticed a tengu reaver
 37062 | D:11     | Killed a tengu reaver
 37075 | D:11     | Killed from afar by a frost giant

Illustrated notes

Levels and vault maps discovered:
D:1:      beargit_arrival_greenhouse, layout_basic,
          ebering_ecumenical_altar_mist, serial_shops, shop, serial_aquarium,
          aquarium_bridge_straight [aquarium_subvault_bridge,
          aquarium_subvault_wall, aquarium_subvault_bridge,
          aquarium_subvault_balcony], aquarium_window_fake,
          aquarium_window_fake, aquarium_window_1, aquarium_view_2d,
          aquarium_balcony_1a, aquarium_pool_split, corexii_hall_statues_l,
          corexii_leaking_fountain, dk_noncrumbling_4,
          chequers_serial_rivers_large_a
D:2:      layout_basic, uniq_natasha, uniq_robin
D:3:      layout_basic, portal_sewer_entry_f, uniq_jessica
D:4:      layout_basic, gammafunk_ghost_cemetery, serial_shops, shop,
          minmay_stone_trees_small
D:5:      layout_cave_pods, serial_shops, nicolae_diamond_shop,
          kennysheep_path_1, nrook_campfire,
          nicolae_concentric_dashed_squares_wild
D:6:      hellmonk_destroyed_diamonds, layout_rooms,
          minmay_temple_entry_glassed_door, kennysheep_generic_room_13,
          uniq_pikel
D:7:      layout_basic, chequers_big_river, corexii_corridor_pit,
          hangedman_decor_push
D:8:      layout_gridville, grunt_temple_overflow_lords_of_destruction,
          lair_entry_dummy, serial_undead, serial_undead_f, serial_undead_c,
          serial_undead_a, serial_undead_f, serial_undead_a, st_stairs_4,
          uniq_maurice, uniq_joseph
D:9:      layout_loops_ring, minmay_orc_entry_temple_small, uniq_erica
D:10:     layout_roguey, uniq_urug, uniq_erolcha, uniq_psyche, uniq_grum
D:11:     minmay_the_grid_3x3 [minmay_the_grid_minigrid_medium,
          minmay_the_grid_holed_spiral, minmay_the_grid_expand,
          minmay_the_grid_eight, minmay_the_grid_box_x,
          minmay_the_grid_dragon_b, minmay_the_grid_garden,
          minmay_the_grid_rooms, minmay_the_grid_prize_diamond_cup],
          layout_basic, nrook_mini_backslash
Lair:1:   layout_roguey, grunt_megastairs_3
Lair:2:   layout_roguey [special_room_bee], dummy_spider_entry, st_stairs_4,
          uniq_nergalle, uniq_gastronok
Lair:3:   layout_regular_city, minmay_swamp_entry_swarm, st_stairs_6,
          serial_bayou_lagoon_a, grunt_megastairs_5, lemuel_fruit_tree,
          uniq_prince_ribbit2
Lair:4:   layout_loops_ring, grunt_megastairs_1
Lair:5:   layout_cave_shapes, slime_altar_1, chequers_serial_rivers_room_a,
          kennysheep_basilisk_garden
Lair:6:   hangedman_lair_in_review, layout_cave_pods,
          hangedman_lair_caniforms_friends, gauntlet_entry_generic, uniq_kirke
Orc:1:    layout_diamond_mine, serial_shops, nicolae_lakefront_shop,
          portal_ice_cave_demonic_guard, enter_volcano_1, uniq_jorgrun
Orc:2:    st_orc_open, layout_diamond_mine, gammafunk_ghost_grave,
          guppyfry_orc_lava_fort

Skill      XL: |  1  2  3  4  5  6  7  8  9 10 11 12 13 14 15 |
---------------+----------------------------------------------+-----
Dodging        | 3 4 5 6 7 9 10 11 12 13 | 13.3
Maces & Flails | 4 5 6 7 8 10 11 12 13 14 16 | 16.0
Fighting       | 4 5 6 7 8 9 11 12 13 14 15 | 15.7
Evocations     | 3 4 5 |  5.5
Shields        | 3 6 8 9 11 12 | 12.4

Action                   |  1- 3 |  4- 6 |  7- 9 | 10-12 | 13-15 || total
-------------------------+-------+-------+-------+-------+-------++-------
Melee: Mace              |    76 |   178 |   297 |       |       ||   551
       Tailslap          |     8 |    17 |    59 |   139 |   214 ||   437
       Punch             |     2 |     1 |     3 |       |       ||     6
       Whip              |       |       |    64 |   494 |       ||   558
       Flail             |       |       |    22 |   179 |       ||   201
       Eveningstar       |       |       |       |   190 |  1107 ||  1297
       Bite              |       |       |       |       |   120 ||   120
       Morningstar       |       |       |       |       |    74 ||    74
       Unarmed           |       |       |       |       |     1 ||     1
Invok: Berserk           |     4 |     4 |    13 |    15 |    10 ||    46
       Trog's Hand       |       |       |       |       |     7 ||     7
       Brothers in Arms  |       |       |       |       |     3 ||     3
 Abil: Breathe Acid      |       |       |     5 |    21 |    11 ||    37
Evoke: Wand              |       |       |    10 |       |     4 ||    14
       Condenser vane    |       |       |       |       |     2 ||     2
  Use: Scroll            |     1 |     2 |    13 |     8 |    15 ||    39
       Potion            |       |       |       |       |     5 ||     5
 Stab: Sleeping          |     4 |     1 |       |     2 |     2 ||     9
       Distracted        |       |       |       |     1 |     1 ||     2
       Confused          |       |       |       |       |     6 ||     6
Armor: Skin              |    15 |    45 |   138 |   167 |   271 ||   636
Dodge: Dodged            |    50 |   104 |   273 |   411 |   633 ||  1471
Block: Other             |       |       |    42 |     3 |       ||    45
       Buckler           |       |       |       |   396 |   678 ||  1074
       Reflection        |       |       |       |     6 |    19 ||    25
